AoeStats
← TW_Jerry YT @TW-aoe2noobs

Black Forest

508442336Analyzed
4v4 RM · 11d ago on Sep 22, 2026· 44m 55s· 8 players
Game mode
Random Map
Map size
Large (8 player)
Population
200
Speed
Normal
Resources
Standard
Victory
Conquest
Starting age
Dark Age
Ending age
Imperial Age
RankedLock teamsTeams togetherTeam positionsShared explorationLock speedFull tech treeHidden civsTurbo modeCheats
Victory
Defeat
🇹🇼 Celts · Taiwan
1610
+7
1539
+9
🇹🇼 Berbers · Taiwan
1515
+10
1263
+19
🇭🇺 Gurjaras · Hungary
1382
-12
1382
-12
🇹🇼 Chinese · Taiwan
1377
-11
🇳🇴 Khmer · Norway
1330
-10
AJR86
8:55 Loom
10:45 Feudal Age
12:37 Double-Bit Axe
12:35 Horse Collar
15:13 Castle Age
16:30 Bow Saw
16:45 Heavy Plow
17:28 Heavy Plow
22:42 Wheelbarrow
24:40 Hand Cart
26:08 Gold Mining
29:48 Imperial Age
27:27 Fletching
28:15 Husbandry
28:22 Thumb Ring
28:14 Bodkin Arrow
29:58 Kshatriyas
29:55 Padded Archer Armor
30:26 Ballistics
30:21 Bloodlines
30:39 Bracer
30:57 Leather Archer Armor
31:04 Elite Elephant Archer
32:50 Conscription
33:47 Chemistry
32:49 Town Watch
33:14 Scale Barding Armor
33:20 Forging
37:02 Iron Casting
36:48 Chain Barding Armor
36:42 Light Cavalry
38:17 Frontier Guards
39:22 Plate Barding Armor
38:32 Elite Skirmisher
38:35 Hussar
41:08 Fortified Wall
BlueSky
2:19 Loom
12:23 Feudal Age
13:29 Double-Bit Axe
13:26 Horse Collar
14:52 Wheelbarrow
17:36 Castle Age
20:05 Bow Saw
21:34 Heavy Plow
26:50 Gold Mining
26:52 Stone Mining
31:51 Imperial Age
29:07 Town Watch
32:10 Bloodlines
32:00 Husbandry
32:08 Scale Barding Armor
32:15 Forging
32:43 Tusk Swords
33:05 Conscription
33:10 Chain Barding Armor
32:43 Elite Battle Elephant
34:37 Plate Barding Armor
38:05 Hand Cart
40:13 Iron Casting
40:09 Light Cavalry
41:54 Blast Furnace
42:04 Double Crossbow
42:11 Heavy Scorpion
43:54 Ballistics
43:39 Siege Engineers
44:35 Chemistry
anny52086
0:26 Loom
11:50 Feudal Age
16:33 Castle Age
15:24 Double-Bit Axe
16:14 Horse Collar
19:25 Wheelbarrow
21:47 Heavy Plow
22:04 Bow Saw
26:27 Gold Mining
30:02 Imperial Age
28:09 Hand Cart
29:00 Gold Shaft Mining
29:45 Ballistics
30:34 Stone Mining
32:11 Two-Man Saw
30:44 Heavy Scorpion
31:20 Town Watch
33:45 Forging
33:35 Scale Mail Armor
34:21 Squires
33:48 Pikeman
35:06 Iron Casting
35:05 Rocketry
35:06 Conscription
36:11 Chemistry
35:12 Murder Holes
35:18 Halberdier
36:24 Arson
37:35 Chain Mail Armor
37:38 Great Wall
39:26 Plate Mail Armor
39:56 Blast Furnace
38:46 Capped Ram
39:42 Capped Ram
43:40 Bloodlines
43:30 Husbandry
43:56 Scale Barding Armor
43:29 Light Cavalry
娘子出來看上帝了
0:35 Loom
11:55 Feudal Age
13:05 Man-at-Arms
14:04 Forging
13:47 Double-Bit Axe
15:16 Arson
17:37 Wheelbarrow
20:54 Horse Collar
25:34 Castle Age
26:40 Fletching
27:26 Bow Saw
30:20 Imperial Age
28:31 Gold Mining
28:45 Scale Mail Armor
29:56 Gold Shaft Mining
29:33 Town Watch
32:33 Two-Man Saw
31:37 Heavy Plow
33:30 Fortified Wall
37:26 Conscription
38:28 Hand Cart
38:47 Ballistics
38:21 Pikeman
39:47 Squires
40:07 Chain Mail Armor
40:26 Halberdier
40:46 Long Swordsman
42:21 Iron Casting
41:53 Two-Handed Swordsman
42:49 Gambesons
TW_Dinko
1:33 Loom
11:15 Feudal Age
15:04 Castle Age
12:57 Horse Collar
13:15 Double-Bit Axe
17:25 Fletching
25:35 Wheelbarrow
26:16 Heavy Plow
27:59 Bodkin Arrow
28:12 Stone Mining
33:07 Imperial Age
30:47 Gold Mining
31:13 Padded Archer Armor
31:19 Scale Barding Armor
33:11 Fortified Wall
33:22 Ballistics
34:03 Gold Shaft Mining
33:52 Leather Archer Armor
35:16 Chemistry
34:27 Careening
35:19 Bow Saw
34:33 Elite Skirmisher
35:48 Ring Archer Armor
35:59 Conscription
36:22 Stone Shaft Mining
35:37 Imperial Skirmisher
36:25 Bracer
36:57 Masonry
37:35 Hand Cart
37:44 Thumb Ring
40:49 Maghrebi Camels
40:50 Kasbah
41:20 Chain Barding Armor
41:04 Heavy Camel Rider
41:55 Bloodlines
41:45 Husbandry
41:55 Bloodlines
41:45 Husbandry
43:09 Crop Rotation
42:55 Forging
44:37 Iron Casting
46:00 Plate Barding Armor
46:25 Blast Furnace
TW_元元之抱歉太帥了
0:57 Loom
12:11 Feudal Age
13:25 Double-Bit Axe
15:44 Castle Age
15:15 Fishing Lines
15:30 Horse Collar
16:39 Bow Saw
18:29 Gillnets
22:40 Wheelbarrow
24:16 Gold Mining
26:05 Hand Cart
29:39 Imperial Age
26:55 Town Watch
27:33 Fletching
27:57 Padded Archer Armor
27:45 Treadmill Crane
28:02 Stone Mining
28:44 Ballistics
28:14 Heated Shot
29:05 Thumb Ring
29:10 Bodkin Arrow
29:31 Leather Archer Armor
29:22 Heavy Plow
30:18 Town Patrol
30:25 Town Patrol
30:00 Elite Rattan Archer
31:50 Crop Rotation
32:21 Two-Man Saw
31:30 Bracer
32:55 Chemistry
33:41 Ring Archer Armor
33:39 Siege Engineers
35:01 Paper Money
36:55 Scale Mail Armor
37:06 Forging
36:20 Pikeman
36:46 Arson
37:01 Squires
38:17 Chatras
38:33 Chain Mail Armor
41:19 Caravan
41:52 Plate Mail Armor
41:57 Iron Casting
43:08 Halberdier
43:54 Scale Barding Armor
TW_Jerry YT @TW-aoe2noobs
11:01 Feudal Age
12:16 Loom
14:52 Castle Age
13:25 Double-Bit Axe
16:03 Bow Saw
21:14 Horse Collar
23:19 Wheelbarrow
27:58 Imperial Age
25:23 Fishing Lines
26:11 Forging
26:30 Scale Mail Armor
26:24 Gillnets
27:03 Hand Cart
27:50 Chain Mail Armor
28:10 Iron Casting
27:34 Stone Mining
27:35 Gold Mining
28:00 Capped Ram
28:52 Siege Engineers
29:25 Elite Woad Raider
31:00 Plate Mail Armor
31:16 Siege Ram
32:42 Conscription
34:19 Blast Furnace
35:28 Furor Celtica
37:01 Onager
41:16 Chemistry
42:13 Pikeman
42:42 Halberdier
42:59 Siege Onager
無處安放的驚慌失措
1:21 Loom
11:58 Feudal Age
16:11 Castle Age
14:50 Double-Bit Axe
14:52 Horse Collar
18:29 Scale Barding Armor
20:10 Chain Barding Armor
25:07 Bow Saw
28:24 Wheelbarrow
35:07 Imperial Age
33:21 Forging
33:50 Sanctity
33:34 Atonement
33:45 Fervor
34:12 Pikeman
34:53 Squires
37:23 Chemistry
36:45 Ballistics
39:26 Scale Mail Armor
41:36 Iron Casting
Connection lost

Rejoining the realm…

Still unreachable

The connection could not be restored.

Session expired

The server has moved on; the page needs a fresh start.